 Dungeon Crawl Stone Soup version 0.14-a0-2910-g8a9724b (webtiles) character file.

2350 MirrMurr the Covert (level 9, -3/39 HPs)
             Began as a Spriggan Enchanter on Mar 2, 2014.
             Was an Initiate of Ashenzari.
             Slain by an orc
             ... wielding a +0,+0 war axe
              (9 damage)
             ... on Level 7 of the Dungeon.
             The game lasted 00:24:51 (7427 turns).

MirrMurr the Covert (Spriggan Enchanter)            Turns: 7427, Time: 00:24:51

HP  -3/39        AC  3     Str  7      XL: 9   Next:  2%
MP  17/27        EV 18     Int 16      God: Ashenzari [......]
Gold 342         SH  0     Dex 17      Spells:  2 memorised, 15 levels left

rFire  . . .     SeeInvis +     a - +2,+1 dagger (speed) (curse)
rCold  . . .     Clarity  .     p - +1 robe (curse)
rNeg   . . .     Conserve .     (shield restricted)
rPois  .         rCorr    .     (helmet restricted)
rElec  .         rRot     .     (no cloak)
SustAb . .       Spirit   .     (gloves unavailable)
rMut   .         Warding  .     (boots unavailable)
Saprov . . .     Stasis   .     (no amulet)
MR     +....                    (no ring)
                                (no ring)

@: quite poisoned, very quick, somewhat resistant to hostile enchantments,
extremely stealthy
A: unfitting armour, see invisible, herbivore 3, speed 3, slow metabolism 2
a: Renounce Religion


You were on level 7 of the Dungeon.
You worshipped Ashenzari.
Ashenzari was noncommittal.
You were not hungry.

You visited 2 branches of the dungeon, and saw 8 of its levels.
You also visited: Ossuary.

You collected 342 gold pieces.

Inventory:

Hand weapons
 a - a cursed +2,+1 dagger of speed (weapon)
 v - a +2,+0 dagger of venom
 B - a +2,+2 dagger of speed
Missiles
 d - 12 darts (quivered)
Armour
 p - a cursed +1 robe (worn)
Magical devices
 i - a wand of random effects (7)
 z - a wand of magic darts (9)
Comestibles
 n - an apple
 o - a bread ration
Scrolls
 b - a scroll of curse armour
 f - 2 scrolls of fear
 g - a scroll of recharging {unknown}
 h - a scroll of teleportation
 l - 2 scrolls of amnesia
 m - 3 scrolls of remove curse
 C - a scroll of enchant weapon III {unknown}
 D - a scroll of curse jewellery
Jewellery
 u - an uncursed amulet of stasis
 y - an uncursed ring of fire
Potions
 e - a potion of porridge
 j - 3 potions of heal wounds
 k - 2 potions of curing
 q - 2 potions of poison {unknown}
 r - 3 potions of brilliance
 s - a potion of speed
 t - a potion of invisibility
 w - 2 potions of agility
 A - a potion of flight {unknown}
 E - 2 potions of might {unknown}
 F - a potion of lignification {unknown}
 G - a potion of berserk rage {unknown}
Books
 c - a book of Maledictions

   Spells                             Type                      Level
   Corona                             Hexes                        1
   Sure Blade                         Hexes/Charms                 2
   *Ensorcelled Hibernation           Hexes/Ice                    2
   *Confuse                           Hexes                        3
   Enslavement                        Hexes                        4
   Invisibility                       Hexes                        6
 x - a book of Summonings

   Spells                             Type                      Level
   Abjuration                         Summoning                    3
   Recall                             Summoning/Translocation      3
   Summon Elemental                   Summoning                    4
   Shadow Creatures                   Summoning                    5
   Summon Demon                       Summoning                    5
   Summon Ugly Thing                  Summoning                    6


   Skills:
 - Level 6.3 Short Blades
 - Level 1.1 Throwing
 - Level 3.0 Dodging
 + Level 11.9 Stealth
 + Level 6.2 Spellcasting
 * Level 7.0 Hexes


You had 15 spell levels left.
You knew the following spells:

 Your Spells              Type           Power        Failure   Level  Hunger
a - Ensorcelled Hibernat  Hex/Ice        ###...       6%          2    None
b - Confuse               Hex            ####....     1%          3    ###....


Dungeon Overview and Level Annotations

Branches:
Dungeon (7/16)             Temple (1/1) D:4

Altars:
Ashenzari
Cheibriados
Dithmenos
Elyvilon
Fedhas
Kikubaaqudgha
Makhleb
Nemelex Xobeh
Okawaru
Sif Muna
Trog
Vehumet
Xom
Yredelemnul
Zin
The Shining One

Shops:
D:6 *   D:7 ?


Innate Abilities, Weirdness & Mutations

You are tiny and cannot use many weapons and most armour.
You have supernaturally acute eyesight.
You are a herbivore.
You cover ground extremely quickly.
You need consume almost no food.


Message History

The orc wizard resists.
The orc wizard barely misses you. The orc closely misses you.
The orc misses you. The orc misses you.
The orc wizard hits you with a dagger of venom.
You are more poisoned.
You hit the orc wizard but do no damage.
You feel sick. The orc misses you. The orc hits you but does no damage.
You open the door.
You feel sick.
The orc wizard hits you with a dagger of venom.
Found an escape hatch in the floor.
You hit the orc.
The orc is lightly wounded.
You feel sick.
The orc wizard hits you with a dagger of venom.
The orc closely misses you.
You feel sick.
The orc wizard points at you and mumbles some strange words.
The magic dart hits you!
* * * LOW HITPOINT WARNING * * *
The orc hits you with a war axe!
You die...

....###........#..##.........#
....#............###.........#
....#.#........### #.........#
....'.####.##### #.........#
....### #.##### #.........
'#### #.. .>. ##+###### .#
#########'## ## #........oo#
#......).o@# #........o.#
+..........# #..........+
#.∩........# #..........#
..........# ##########


You could see an orc wizard and 3 orcs.

Vanquished Creatures
  A two-headed ogre (D:7)
  An orc warrior (D:6)
  2 ice beasts
  2 ogres (D:4)
  Sigmund (D:2)
  A water moccasin (D:6)
  A centaur (D:6)
  3 elf zombies (Ossuary)
  Blork the orc (D:4)
  A giant frog (D:6)
  2 crimson imps
  A goliath beetle (D:6)
  A hound (D:5)
  A jelly (D:5)
  A human zombie (Ossuary)
  An iguana (D:7)
  3 orc priests
  5 orc wizards
  2 scorpions
  A worker ant (D:5)
  A big kobold zombie (Ossuary)
  3 hound zombies (Ossuary)
  3 mummies (Ossuary)
  3 adders
  4 giant mites
  An inept feature mimic (D:6)
  A worm (D:2)
  3 adder zombies (Ossuary)
  2 giant eyeballs (D:5)
  3 giant geckos
  29 orcs
  A ball python (D:2)
  A bat zombie (D:3)
  5 giant cockroaches
  6 hobgoblins
  7 jackals
  11 kobolds
  2 quokkas
  13 bats
  7 giant newts
  A gnoll zombie (D:7)
  8 goblins
  2 goblin skeletons (D:4)
  3 goblin zombies (Ossuary)
  4 hobgoblin zombies (Ossuary)
  2 jackal zombies (Ossuary)
  3 kobold zombies (Ossuary)
  3 orc zombies (Ossuary)
  A quokka skeleton (D:4)
  A quokka zombie (Ossuary)
  11 rats
  8 rat zombies
185 creatures vanquished.

Notes
Turn   | Place    | Note
--------------------------------------------------------------
     0 | D:1      | MirrMurr, the Spriggan Enchanter, began the quest for the Orb.
     0 | D:1      | Reached XP level 1. HP: 9/9 MP: 4/4
   264 | D:1      | Reached skill level 4 in Stealth
   449 | D:1      | Reached XP level 2. HP: 11/13 MP: 3/7
   453 | D:1      | Learned a level 2 spell: Ensorcelled Hibernation
   812 | D:1      | Reached skill level 5 in Stealth
  1310 | D:2      | Reached XP level 3. HP: 16/16 MP: 9/9
  1315 | D:2      | Learned a level 3 spell: Confuse
  1487 | D:2      | Noticed Sigmund
  1505 | D:2      | Killed Sigmund
  1505 | D:2      | Reached skill level 6 in Stealth
  1505 | D:2      | Reached XP level 4. HP: 13/21 MP: 12/12
  1931 | D:2      | Reached skill level 7 in Stealth
  1981 | D:2      | Reached XP level 5. HP: 18/24 MP: 8/14
  1995 | D:2      | Found an iron altar of Okawaru.
  2240 | D:3      | Found a basalt altar of Yredelemnul.
  2537 | D:3      | Found an ancient bone altar of Kikubaaqudgha.
  2725 | D:4      | Found a blossoming altar of Fedhas.
  3026 | D:4      | Found a staircase to the Ecumenical Temple.
  3047 | D:4      | Reached skill level 8 in Stealth
  3087 | Temple   | Entered the Ecumenical Temple
  3192 | D:4      | Noticed Blork the orc
  3192 | D:4      | Noticed an ogre
  3196 | D:4      | Killed Blork the orc
  3196 | D:4      | Reached XP level 6. HP: 16/28 MP: 14/17
  3203 | D:4      | Killed an ogre
  3431 | D:5      | Entered Level 5 of the Dungeon
  3482 | D:4      | Noticed an ogre
  3488 | D:4      | Killed an ogre
  3488 | D:4      | Reached skill level 5 in Short Blades
  3488 | D:4      | Reached skill level 9 in Stealth
  3488 | D:4      | Reached XP level 7. HP: 19/32 MP: 8/20
  3877 | D:4      | Found a glowing silver altar of Zin.
  4697 | D:5      | Found a shattered altar of Ashenzari.
  4703 | D:5      | Reached skill level 10 in Stealth
  4706 | D:5      | Became a worshipper of Ashenzari the Shackled
  4820 | D:6      | Reached XP level 8. HP: 31/36 MP: 18/23
  5027 | D:6      | Found Ytettits' General Store.
  5088 | D:6      | Found a shimmering altar of Xom.
  5103 | D:6      | Found a sparkling altar of Nemelex Xobeh.
  5674 | D:6      | Found a shadowy altar of Dithmenos.
  5783 | D:6      | Found a bloodstained altar of Trog.
  5794 | D:6      | Found a glowing golden altar of the Shining One.
  5809 | D:6      | Reached skill level 11 in Stealth
  5852 | D:6      | Reached skill level 5 in Spellcasting
  5931 | D:6      | Reached skill level 5 in Hexes
  6032 | D:7      | Noticed a two-headed ogre
  6058 | D:7      | Killed a two-headed ogre
  6670 | D:7      | Found a sand-covered staircase.
  6678 | Ossuary  | Entered an ossuary
  7394 | Ossuary  | Reached XP level 9. HP: 35/39 MP: 22/26
  7407 | D:7      | Found Etsol's Magic Scroll Emporium.
  7427 | D:7      | Slain by an orc

Action                   |  1- 3 |  4- 6 |  7- 9 || total
-------------------------+-------+-------+-------++-------
Melee: Dagger            |   105 |   209 |   400 ||   714
 Fire: Sling             |     4 |       |     7 ||    11
 Cast: Corona            |     1 |       |       ||     1
       Ensorcelled Hiber |       |    23 |    84 ||   107
       Confuse           |       |       |    12 ||    12
Evoke: Wand              |       |     1 |     1 ||     2
  Use: Scroll            |     1 |     3 |    14 ||    18
       Potion            |       |     2 |       ||     2
 Stab: Sleeping          |     7 |    30 |    57 ||    94
       Confused          |       |       |    10 ||    10
       Distracted        |       |       |     1 ||     1
